 Dungeon Crawl Stone Soup version 0.28-a0-1506-g3893175d92 (console) character file.

Game seed: 13577238104717963534

877 jejorda2 the Spear-Bearer (level 8, -1/64 HPs)
             Began as a Merfolk Berserker on Jan 13, 2022.
             Was a Follower of Trog.
             Slain by a gnoll (10 damage)
             ... on level 5 of the Dungeon.
             The game lasted 00:07:57 (4088 turns).

jejorda2 the Spear-Bearer (Merfolk Berserker)       Turns: 4088, Time: 00:07:57

Health: -1/64      AC:  0    Str: 21    XL:     8   Next: 4%
Magic:  8/8        EV:  8    Int:  6    God:    Trog [*.....]
Gold:   185        SH:  0    Dex: 14    Spells: 7/7 levels left

rFire   . . .      SeeInvis .   a - +1 spear
rCold   . . .      Faith    .   (no shield)
rNeg    . . .      Spirit   .   o - +0 chain mail
rPois   +          Reflect  .   f - +0 helmet
rElec   .          Harm     .   h - +0 cloak
rCorr   .          Rampage  .   (no gloves)
Will    .....                   (no boots)
Stlth   ..........              (no amulet)
HPRegen 0.20/turn               x - ring of poison resistance
MPRegen 0.11/turn               (no ring)

@: corroded, on berserk cooldown, studying Dodging
A: (nimble swimmer 2), mertail, fangs 1, strong 1
a: Renounce Religion, Berserk


You were on level 5 of the Dungeon.
You worshipped Trog.
Trog was aware of your devotion.
You visited 1 branch of the dungeon, and saw 5 of its levels.

You collected 185 gold pieces.

Inventory:

Hand Weapons
 a - a +1 spear (weapon)
Missiles
 e - 73 stones (quivered)
 g - 4 boomerangs
Armour
 f - a +0 helmet (worn)
 h - a +0 cloak (worn)
 o - a +0 chain mail (worn)
Jewellery
 x - a ring of poison resistance (left hand)
Wands
 l - a wand of flame (16)
 y - a wand of iceblast (7)
Scrolls
 c - a scroll of amnesia
 j - a scroll of fear
 m - a scroll of fog {unknown}
 s - 3 scrolls of enchant armour {unknown}
 u - 2 scrolls of vulnerability {unknown}
 v - a scroll of noise {unknown}
 w - a scroll of immolation {unknown}
Potions
 b - a potion of heal wounds {unknown}
 n - a potion of attraction {unknown}
 p - a potion of mutation
 q - a potion of lignification {unknown}
 r - 2 potions of curing {unknown}
 t - a potion of brilliance {unknown}


   Skills:
 + Level 5.8 Fighting
 * Level 10.0 Polearms
 + Level 3.5 Armour
 - Level 2.6 Dodging


You had 7 spell levels left.
You didn't know any spells.
Your spell library was empty.

Dungeon Overview and Level Annotations

Branches:
Dungeon (5/15)             Temple (0/1) D:4

Altars:

Shops:
D:2 (


Innate Abilities, Weirdness & Mutations

((You are very nimble when in or above water. (Stealth+, EV+, Speed+++)))
Your lower body shifts to a powerful aquatic tail in water.
You have very sharp teeth.
Your muscles are strong. (Str +2)


Message History

You hit the jelly but do no damage.
Your hands burn!
The jelly is severely wounded.
The jelly hits you.
You are splashed with acid!
You hit the jelly but do no damage.
Your hands burn!
The jelly is severely wounded.
The jelly barely misses you.
You hit the jelly. The acid corrodes you!
Your hands burn!
The jelly is severely wounded.
The jelly closely misses you.
You hit the jelly but do no damage.
Your hands burn!
The jelly is severely wounded.
You feel yourself speed up. The jelly hits you but does no damage.
You hit the jelly. The acid corrodes you!
Your hands burn!
The jelly is almost dead.
You hit the jelly but do no damage. The acid corrodes you!
Your hands burn!
The jelly is almost dead.
The jelly barely misses you.
You hit the jelly but do no damage.
Your hands burn!
The jelly is almost dead.
The jelly barely misses you.
You hit the jelly but do no damage.
Your hands burn!
The jelly is almost dead.
You hit the jelly.
You kill the jelly!
Trog accepts your kill.
Your Polearms skill increases to level 10!
You closely miss the gnoll. You hit the gnoll but do no damage.
You punch the gnoll, but do no damage. The gnoll hits you with a +0 flail!
* * * LOW HITPOINT WARNING * * *
Okay, then.
You hit the gnoll.
The gnoll is lightly wounded.
The gnoll hits you with a +0 flail!
* * * LOW HITPOINT WARNING * * *
It was a potion of mutation.
You feel extremely strange.
Your teeth lengthen and sharpen.
You feel stronger. The gnoll hits you with a +0 flail!
You die...

,**
**,**#####.####******,
**
*,,,,,...,.....,,,,,,,
*
**,*##..g....*******,,
****#####
***#.#.#..#,,,,,,<,,,
,,,,,...#
#......#***,,,**,,
,,,**##.##
#.#.#.#**,,,*,,,,,
**,*##...## #Z...#*
*,*,,,**,* #,##.....##
#g#.## *,**,***,*
##.#..<....#####@#<#
*,**,***,*
#................#.#
*,**,,,,,*
#..#..)....#######.#
*,**,*****
#.,##.....## #.#
*,**,* ** ,,.......##
#.#****,**,****,
,#.#######*
*..,,**,**,,,,,,
,#,**,,,,,*
****,**<*,,,***,
,*,**,,,,,*
*,**,,,*,,,,,
,,,,,,,,,,*
*,****,,,****


You could see a gnoll and a hound skeleton.

Vanquished Creatures
  Pikel (D:3)
  Edmund (D:5)
  2 lemures (D:4)
  A wyvern zombie (D:4)
  A hound (D:3)
  A jelly (D:5)
  Crazy Yiuf (D:2)
  An iguana (D:4)
  Terence (D:2)
  Robin (D:2)
  A howler monkey skeleton (D:3)
  5 adders
  A worm (D:2)
  2 dart slugs
  2 orcs
  5 endoplasms
  4 giant cockroaches
  5 goblins
  8 hobgoblins
  3 quokkas
  6 ball pythons
  6 bats
  4 frilled lizards
  6 kobolds
  2 rats
71 creatures vanquished.

Vanquished Creatures (others)
  5 toadstools (D:1)
5 creatures vanquished.

Grand Total: 76 creatures vanquished

Notes
Turn   | Place    | Note
-------+----------+-------------------------------------------
     0 | D:1      | jejorda2 the Merfolk Berserker began the quest for the Orb.
     0 | D:1      | Reached XP level 1. HP: 18/18 MP: 1/1
    87 | D:1      | Found a faded altar of an unknown god.
   415 | D:1      | Reached XP level 2. HP: 24/24 MP: 2/2
   634 | D:1      | Reached skill level 5 in Polearms
  1153 | D:2      | Reached XP level 3. HP: 29/29 MP: 3/3
  1283 | D:2      | Found Nifuhod's Antique Weapon Emporium.
  1317 | D:2      | Reached ** piety under Trog
  1417 | D:2      | Noticed Terence
  1424 | D:2      | Killed Terence
  1425 | D:2      | Reached XP level 4. HP: 37/37 MP: 4/4
  1487 | D:2      | Reached skill level 6 in Polearms
  1588 | D:2      | Noticed Robin
  1602 | D:2      | Killed Robin
  1943 | D:2      | Found a runed translucent door.
  1944 | D:2      | Noticed Crazy Yiuf
  1953 | D:2      | Killed Crazy Yiuf
  2081 | D:3      | Reached XP level 5. HP: 37/42 MP: 5/5
  2305 | D:3      | Reached skill level 7 in Polearms
  2964 | D:4      | Reached XP level 6. HP: 49/49 MP: 6/6
  3053 | D:4      | Noticed Pikel
  3602 | D:3      | Killed Pikel
  3603 | D:3      | Reached skill level 5 in Fighting
  3603 | D:3      | Reached skill level 9 in Polearms
  3603 | D:3      | Reached XP level 7. HP: 48/56 MP: 7/7
  3795 | D:4      | Found a staircase to the Ecumenical Temple.
  4025 | D:5      | Entered Level 5 of the Dungeon
  4027 | D:5      | Noticed Edmund
  4044 | D:5      | Killed Edmund
  4045 | D:5      | Reached XP level 8. HP: 64/64 MP: 8/8
  4050 | D:5      | Identified a scroll of acquirement
  4050 | D:5      | Acquired a manual of Dodging
  4085 | D:5      | Reached skill level 10 in Polearms
  4088 | D:5      | Gained mutation: You have very sharp teeth. [potion of
                  | mutation]
  4088 | D:5      | Gained mutation: Your muscles are strong. (Str +2) [potion
                  | of mutation]
  4088 | D:5      | Slain by a gnoll

Illustrated notes

Levels and vault maps discovered:
D:1:      ldierk_walled_garden, layout_basic, basic_ecumenical_altar,
          grunt_decor_clamped
D:2:      wad_pebble_path, layout_loops_ring, serial_shops, shop,
          grunt_decor_cap, kennysheep_decorative_pillar, uniq_terence,
          uniq_crazy_yiuf_cottage, uniq_robin
D:3:      layout_loops_ring, serial_bayou_pond_e,
          chequers_serial_rivers_large_a, kennysheep_minor_cross
D:4:      layout_cave_pools, temple_fountains, uniq_pikel
D:5:      layout_loops_ring, nicolae_overflows_in_rows, portal_sewer_entry_b,
          uniq_edmund

Skill      XL: |  1  2  3  4  5  6  7  8 |
---------------+-------------------------+-----
Polearms       | 5 6 7 9 10 | 10.0
Armour         | 2 3 |  3.5
Fighting       | 4 5 |  5.8
Dodging        | |  2.6

Action                   |  1- 3 |  4- 6 |  7- 9 || total
-------------------------+-------+-------+-------++-------
Melee: Spear             |    99 |   213 |    38 ||   350
       Punch             |     2 |     4 |     1 ||     7
Throw: Stone             |     4 |       |       ||     4
Invok: Berserk           |     1 |     6 |     1 ||     8
       Trog's Hand       |       |     1 |     1 ||     2
  Use: Scroll            |       |       |     5 ||     5
       Potion            |       |       |     1 ||     1
Armor: Ring mail         |    12 |       |       ||    12
       Scale mail        |       |    13 |       ||    13
       Chain mail        |       |    60 |     7 ||    67
Dodge: Dodged            |    25 |    70 |     8 ||   103

Table legend: (Time is in decaauts)
 A = Elapsed time spent in this place.
 B = Non-inter-level travel time spent in this place.
 C = Inter-level travel time spent in this place.
 D = Time resting spent in this place.
 E = Time spent auto-exploring this place.
 F = Levels seen in this place.
 G = Mean time per level.
                   A        B        C        D        E       F      G
               +--------+--------+--------+--------+--------+-----+--------+
         Total |   4055 |   3892 |    163 |    295 |   2916 |   5 |  811.0 |
       Dungeon |   4055 |   3892 |    163 |    295 |   2916 |   5 |  811.0 |
               +--------+--------+--------+--------+--------+-----+--------+

Top non-repeatable levels by time:
     D:3: 1297 daAuts
     D:1: 1128 daAuts
     D:2: 945 daAuts
     D:4: 620 daAuts
     D:5: 62 daAuts
